[Event "Titled Tuesday Blitz January 10 Late 2023"]
[White "Fernandez Guillen, Ernesto J."]
[Black "Dubov, Daniil"]
[WhiteFideId "3512428"]
[BlackFideId "24126055"]
[WhiteElo "2477"]
[BlackElo "2708"]
[Result "0-1"]
[Round "06"]
[TimeControl "180+2"]
[Date "2023.01.10"]
[WhiteClock "0:00:06"]
[BlackClock "0:00:53"]

1. e4 c5 2. b4 cxb4 3. d4 d5 4. e5 Nc6 5. a3 b3 6. cxb3 Bf5 7. b4 e6 8. Nf3 Nge7 9. Bd3 Bg4 10. Be3 Nf5 11. Bxf5 Bxf5 12. O-O Be7 13. Nc3 O-O 14. h3 Rc8 15. Ne2 h6 16. Ng3 Bg6 17. Qd2 b5 18. Rac1 a5 19. Bxh6 axb4 20. axb4 Bxb4 21. Qf4 gxh6 22. Qxh6 Re8 23. h4 Bf8 24. Qf4 Qe7 25. h5 Bh7 26. Rb1 b4 27. Rb3 Kh8 28. h6 Bg6 29. Kh2 Na5 30. Rxb4 Qxb4 31. Qf6+ Kg8 32. Nh4 Qe7 33. Qf4 Kh7 34. Nf3 Bxh6 35. Qg4 Rh8 36. Rh1 Kg7 37. Kg1 Rc1+ 38. Nf1 Nc4 0-1


[Site "https://www.chess.com"]

[Event "Titled Tuesday Blitz January 10 Late 2023"]
[White "Boruchovsky, Avital"]
[Black "Vachier-Lagrave, Maxime"]
[WhiteFideId "2800055"]
[BlackFideId "623539"]
[WhiteElo "2539"]
[BlackElo "2742"]
[Result "0-1"]
[Round "06"]
[TimeControl "180+2"]
[Date "2023.01.10"]
[WhiteClock "0:00:03"]
[BlackClock "0:00:17"]

1. c4 Nf6 2. Nc3 e5 3. Nf3 Nc6 4. e4 g6 5. d4 exd4 6. Nxd4 Bg7 7. Be3 O-O 8. Be2 Re8 9. f3 d6 10. O-O Bd7 11. Nxc6 bxc6 12. Qd2 c5 13. Rad1 Rb8 14. b3 a5 15. Bd3 a4 16. Bc2 axb3 17. axb3 Bc6 18. Bg5 Qc8 19. Ne2 Ra8 20. Bb1 Qb7 21. Nc1 Nd7 22. Be3 Ra1 23. Bc2 Rea8 24. Kh1 h5 25. Rde1 Qb4 26. Qf2 Qc3 27. Rd1 Kh7 28. h3 Ne5 29. f4 Nd7 30. e5 dxe5 31. f5 Nf6 32. fxg6+ fxg6 33. Rd3 Qa5 34. Qe2 Be4 35. Bd2 Bxd3 36. Qxd3 e4 37. Qg3 Qxd2 0-1


[Site "https://www.chess.com"]

[Event "Titled Tuesday Blitz January 10 Late 2023"]
[White "Sarana, Alexey"]
[Black "Bryakin, Mikhail"]
[WhiteFideId "24133795"]
[BlackFideId "4165314"]
[WhiteElo "2685"]
[BlackElo "2455"]
[Result "1-0"]
[Round "06"]
[TimeControl "180+2"]
[Date "2023.01.10"]
[WhiteClock "0:00:41"]
[BlackClock "0:00:07"]

1. c4 Nf6 2. Nc3 c5 3. Nf3 Nc6 4. d4 cxd4 5. Nxd4 e6 6. g3 d5 7. cxd5 Nxd5 8. Bg2 Bb4 9. Nxc6 bxc6 10. Bd2 O-O 11. O-O Bb7 12. Qc2 Rc8 13. Rfd1 Qe7 14. a3 Nxc3 15. bxc3 Ba5 16. Rab1 Ba8 17. Be3 Qxa3 18. c4 Qe7 19. Ra1 Bb6 20. c5 Bd8 21. Rd6 Bc7 22. Rxa7 Bxd6 23. Rxe7 Bxe7 24. h4 Bf6 25. h5 h6 26. Qa4 Bb7 27. Qa7 Rc7 28. Bf4 e5 29. Be3 Rd7 30. Bh3 Re7 31. Bg2 Rc8 32. Be4 Rd8 33. Kg2 Red7 34. Qb6 Re8 35. g4 Bg5 36. Bxg5 hxg5 37. e3 Rde7 38. Kg3 f6 39. Bg6 Rc8 40. Bf5 Rb8 41. Qb3+ Kf8 42. Bh7 Rf7 43. Qe6 Re8 44. Qa2 Rd8 45. Kg2 Bc8 46. Kg3 Bd7 47. Qd2 Re7 48. Qd6 Rc8 49. h6 gxh6 50. Qxf6+ Rf7 51. Qxh6+ Rg7 52. Be4 Be8 53. Bf5 Rc7 54. Be6 Bf7 55. Qh8+ Bg8 56. Bxg8 Rxg8 57. Qxe5 Rgg7 58. Qd6+ Rge7 59. Qf6+ Rf7 60. Qxg5 Rce7 61. Qh6+ Kg8 62. Qxc6 Rc7 63. Qd6 Rg7 64. f4 Kh7 65. g5 Rce7 66. Kf3 Re8 67. c6 Rge7 68. e4 Rxe4 69. Qd3 1-0


[Site "https://www.chess.com"]

[Event "Titled Tuesday Blitz January 10 Late 2023"]
[White "Theodorou, Nikolas"]
[Black "Yuan, Qingyu"]
[WhiteFideId "4262875"]
[BlackFideId "8609772"]
[WhiteElo "2591"]
[BlackElo "2373"]
[Result "1-0"]
[Round "06"]
[TimeControl "180+2"]
[Date "2023.01.10"]
[WhiteClock "0:00:58"]
[BlackClock "0:00:04"]

1. d4 d5 2. c4 e6 3. Nf3 Nf6 4. g3 Bb4+ 5. Nc3 dxc4 6. Bg2 Bd7 7. Ne5 Bc6 8. Nxc6 Nxc6 9. Qa4 O-O 10. O-O Nd5 11. Nxd5 exd5 12. Qb5 Qe7 13. e3 Rfd8 14. Bxd5 a6 15. Qxb7 Na5 16. Qxa8 Rxa8 17. Bxa8 c6 18. d5 Qe8 19. Bxc6 Nxc6 20. dxc6 Qxc6 21. Rd1 h5 22. Bd2 Be7 23. Bc3 h4 24. Rd4 h3 25. e4 Bc5 26. Rd8+ Kh7 27. Rd5 f6 28. Re1 Kg6 29. Rf5 Ba7 30. Rf4 Kh5 31. Rh4+ Kg6 32. Rxh3 Qc5 33. Rf1 Kf7 34. Rh4 Qc8 35. Rf4 Ke6 36. Re1 Qc6 37. h4 Bb8 38. Rf5 Bc7 39. h5 Bb6 40. Rd5 Qc7 41. Kg2 Qc6 42. a3 Qe8 43. Rf5 Qc6 44. Re2 Qd6 45. Rf3 Qd1 46. Re1 Qc2 47. h6 Kf7 48. h7 1-0


[Site "https://www.chess.com"]

[Event "Titled Tuesday Blitz January 10 Late 2023"]
[White "Chigaev, Maksim"]
[Black "Tanenbaum, Zachary"]
[WhiteFideId "4108116"]
[BlackFideId "2060850"]
[WhiteElo "2628"]
[BlackElo "2261"]
[Result "1-0"]
[Round "06"]
[TimeControl "180+2"]
[Date "2023.01.10"]
[WhiteClock "0:00:32"]
[BlackClock "0:00:12"]

1. e4 e5 2. Bc4 Nf6 3. d3 c6 4. Nf3 d5 5. Bb3 Bb4+ 6. Bd2 Bxd2+ 7. Qxd2 a5 8. a4 O-O 9. exd5 cxd5 10. Nxe5 Nc6 11. d4 Re8 12. O-O Nxe5 13. dxe5 Rxe5 14. Nc3 Bf5 15. Rfe1 Rxe1+ 16. Rxe1 Be6 17. Qd4 Qd6 18. h3 Rd8 19. Nb5 Qc6 20. Qa7 b6 21. Qe7 Rd7 22. Nd4 Qc3 23. Qxe6 fxe6 24. bxc3 Ne4 25. Rxe4 dxe4 26. Bxe6+ 1-0


[Site "https://www.chess.com"]

[Event "Titled Tuesday Blitz January 10 Late 2023"]
[White "Jobava, Baadur"]
[Black "Klukin, Kirill"]
[WhiteFideId "13601520"]
[BlackFideId "24199273"]
[WhiteElo "2578"]
[BlackElo "2390"]
[Result "1-0"]
[Round "06"]
[TimeControl "180+2"]
[Date "2023.01.10"]
[WhiteClock "0:02:31"]
[BlackClock "0:02:30"]

1. b3 d5 2. Bb2 Bf5 3. d3 Nf6 4. Nd2 e6 5. g3 h6 6. Bg2 Be7 7. e4 Bh7 8. Ne2 O-O 9. O-O a5 10. a4 c6 11. Re1 Na6 12. Nf4 b5 13. axb5 cxb5 14. exd5 Nxd5 15. Nxd5 exd5 16. Bxd5 Qxd5 17. Rxe7 Nc5 18. Qg4 Bg6 19. Qxg6 1-0


[Site "https://www.chess.com"]

[Event "Titled Tuesday Blitz January 10 Late 2023"]
[White "Mosadeghpour, Masoud"]
[Black "Tristan, Leonardo"]
[WhiteFideId "12519278"]
[BlackFideId "113816"]
[WhiteElo "2472"]
[BlackElo "2545"]
[Result "1-0"]
[Round "06"]
[TimeControl "180+2"]
[Date "2023.01.10"]
[WhiteClock "0:01:32"]
[BlackClock "0:00:08"]

1. e4 d5 2. exd5 Qxd5 3. Nc3 Qa5 4. Bc4 Nf6 5. d4 Nc6 6. Ne2 Bg4 7. f3 Bf5 8. O-O O-O-O 9. Bd2 Nxd4 10. Nxd4 Rxd4 11. Bb3 e6 12. Qe2 Bc5 13. Kh1 Rhd8 14. Be1 R4d7 15. Ne4 Bb4 16. Nc3 Qb6 17. a3 Bf8 18. Bf2 Qa5 19. Be1 Qb6 20. a4 a5 21. Nb5 c6 22. Na3 Bb4 23. Nc4 Qa7 24. Bxb4 axb4 25. a5 Kb8 26. Nb6 Rd2 27. Qe5+ R2d6 28. Rfd1 Ne8 29. Rxd6 Nxd6 30. Rd1 Kc7 31. Qc5 Nc8 32. Rxd8 Kxd8 33. Qf8+ Kc7 34. Qxc8+ Kd6 35. Qd8+ Kc5 36. Bc4 b3 37. c3 e5 38. Qe7# 1-0


[Site "https://www.chess.com"]

[Event "Titled Tuesday Blitz January 10 Late 2023"]
[White "Zierk, Steven"]
[Black "Sai Krishna G V"]
[WhiteFideId "2034255"]
[BlackFideId "5028280"]
[WhiteElo "2488"]
[BlackElo "2384"]
[Result "1-0"]
[Round "06"]
[TimeControl "180+2"]
[Date "2023.01.10"]
[WhiteClock "0:00:24"]
[BlackClock "0:00:34"]

1. e4 e5 2. Nf3 Nc6 3. Bc4 Nf6 4. d4 exd4 5. e5 d5 6. Bb5 Ne4 7. Nxd4 Bd7 8. Bxc6 bxc6 9. O-O Bc5 10. Be3 Bb6 11. f3 Ng5 12. f4 Ne4 13. Nd2 c5 14. N4f3 Nxd2 15. Qxd2 d4 16. Bf2 Bb5 17. Rfe1 Bc6 18. Qd3 Qd5 19. e6 O-O 20. Re5 c4 21. Qd2 Qd6 22. Nxd4 fxe6 23. Rxe6 Qxf4 24. Qxf4 Rxf4 25. Rxc6 Bxd4 26. Bxd4 Rxd4 27. Rxc7 Re8 28. Rf1 h5 29. h3 Re2 30. Rff7 Rdd2 31. Rxg7+ Kf8 32. Rcf7+ Ke8 33. Rxa7 Kf8 34. Raf7+ Ke8 35. Rf5 Rxc2 36. Rxh5 Kf8 37. Rg4 Rxb2 38. Rc5 Rxa2 39. Rcxc4 Kf7 40. Rcf4+ Ke6 41. Re4+ Kf5 42. Rxe2 Rxe2 43. Kh2 Rc2 44. Ra4 Kg5 45. h4+ Kh5 46. Kh3 Rc3+ 47. g3 Rb3 48. Ra5+ Kh6 49. h5 Rb1 50. Kh4 Rh1+ 51. Kg4 Rb1 52. Ra6+ Kh7 53. Kh4 Rh1+ 54. Kg5 Ra1 55. Rxa1 1-0


[Site "https://www.chess.com"]

[Event "Titled Tuesday Blitz January 10 Late 2023"]
[White "Moroni, Luca Jr"]
[Black "Tatarinov, Dmitry"]
[WhiteFideId "865834"]
[BlackFideId "24160067"]
[WhiteElo "2535"]
[BlackElo "2310"]
[Result "1-0"]
[Round "06"]
[TimeControl "180+2"]
[Date "2023.01.10"]
[WhiteClock "0:00:04"]
[BlackClock "0:00:10"]

1. d4 Nf6 2. Nf3 d5 3. c3 c6 4. Qc2 g6 5. Bf4 Bf5 6. Qb3 Qb6 7. h3 Bg7 8. Nbd2 Ne4 9. e3 Nxd2 10. Nxd2 Nd7 11. g4 Be6 12. Be2 O-O 13. h4 f6 14. h5 Rfe8 15. hxg6 hxg6 16. Qc2 Bf7 17. Bh6 e5 18. O-O-O e4 19. Rh2 Bxh6 20. Rxh6 Kg7 21. Rdh1 Rh8 22. Rxh8 Rxh8 23. Rxh8 Kxh8 24. f3 f5 25. Qd1 Qc7 26. Qh1+ Kg7 27. f4 fxg4 28. Bxg4 Nf6 29. Be2 c5 30. dxc5 Qxc5 31. Qh3 Qa5 32. a3 Qb6 33. Bd1 Be6 34. Qg3 Bd7 35. Nb3 Ba4 36. f5 Bxb3 37. Qxg6+ Kf8 38. Bxb3 Qxe3+ 39. Kb1 Qb6 40. c4 e3 41. Ka2 e2 42. c5 Qa6 43. Qh6+ Kf7 44. Qe3 Kf8 45. Qe5 Ne4 46. Qh8+ Ke7 47. Qe5+ Kf8 48. Qh8+ Ke7 49. Qg7+ Kd8 50. Qf8+ Kc7 51. Qe7+ Kc8 52. Qe8+ Kc7 53. Qe7+ Kc8 54. Bxd5 e1=Q 55. Be6+ Qxe6+ 56. Qxe6+ Kc7 57. Qe5+ Kc6 58. f6 Qe2 59. Qe6+ Kxc5 60. Qe5+ Kc6 61. Qe6+ Kb5 62. Qb3+ Ka6 63. f7 Qf2 64. Qa4+ Kb6 65. Qb4+ Kc7 66. f8=Q Nc3+ 67. Qxc3+ 1-0


[Site "https://www.chess.com"]

[Event "Titled Tuesday Blitz January 10 Late 2023"]
[White "Averjanov, Alexey"]
[Black "Kamsky, Gata"]
[WhiteFideId "14109867"]
[BlackFideId "2000024"]
[WhiteElo "2399"]
[BlackElo "2665"]
[Result "0-1"]
[Round "06"]
[TimeControl "180+2"]
[Date "2023.01.10"]
[WhiteClock "0:00:01"]
[BlackClock "0:00:37"]

1. d4 f5 2. Nf3 Nf6 3. g3 g6 4. Bg2 Bg7 5. O-O O-O 6. b3 d5 7. Bb2 c6 8. c4 Ne4 9. Nbd2 a5 10. a3 Be6 11. Qc2 Na6 12. e3 Bf6 13. Ne5 Qb6 14. c5 Qd8 15. Nd3 Nc7 16. f3 Ng5 17. f4 Ne4 18. Nf3 Bf7 19. Nfe5 Be8 20. Bf3 Ne6 21. Kg2 Ng7 22. h3 e6 23. g4 g5 24. Kh2 Bg6 25. Rg1 Qc7 26. Rg2 Bxe5 27. Nxe5 gxf4 28. exf4 fxg4 29. Rxg4 Bh5 30. Rxg7+ Qxg7 31. Rg1 Bg6 32. Nxg6 hxg6 33. Bxe4 dxe4 34. d5 Qh6 35. Qxe4 Qxf4+ 36. Qxf4 Rxf4 37. Rxg6+ Kh7 38. Rg7+ Kh6 39. d6 Rf2+ 40. Rg2 Rxg2+ 41. Kxg2 Kg6 42. Kf3 Kf5 43. h4 e5 44. Bc1 b6 45. b4 axb4 46. axb4 bxc5 47. bxc5 Ra4 48. Bg5 Rd4 49. Be7 Rd3+ 50. Ke2 e4 51. h5 Ke6 52. h6 Rh3 53. Bg5 Rh5 54. Bf4 Rxc5 55. Ke3 Rh5 56. Kxe4 c5 57. Kd3 c4+ 58. Kc3 Rh3+ 59. Kd4 Rh4 60. Ke3 c3 0-1


[Site "https://www.chess.com"]

[Event "Titled Tuesday Blitz January 10 Late 2023"]
[White "Chor, Kevin"]
[Black "Baskakov, Egor"]
[WhiteFideId "2090740"]
[BlackFideId "24197866"]
[WhiteElo "1944"]
[BlackElo "2215"]
[Result "0-1"]
[Round "06"]
[TimeControl "180+2"]
[Date "2023.01.10"]
[WhiteClock "0:00:16"]
[BlackClock "0:01:05"]

1. e4 c5 2. Nf3 Nf6 3. Nc3 d5 4. exd5 Nxd5 5. Bb5+ Bd7 6. Bxd7+ Qxd7 7. O-O Nc6 8. d4 cxd4 9. Nxd4 Nxc3 10. bxc3 e5 11. Nxc6 Qxc6 12. Qe2 f6 13. f4 Bc5+ 14. Be3 Bxe3+ 15. Qxe3 O-O 16. fxe5 Rfe8 17. Rad1 Rxe5 18. Qd4 b6 19. Rfe1 Rae8 20. Rxe5 Rxe5 21. Qd8+ Kf7 22. Rd7+ Kg6 23. Rd3 Qc5+ 24. Qd4 Rd5 25. Qxc5 Rxc5 26. Rd7 Ra5 27. h3 Rxa2 28. Kh2 Rxc2 29. Rxa7 Rxc3 30. Rb7 Rb3 31. Kg1 Rb2 32. Kh2 h5 33. Kg1 h4 34. Kh2 b5 35. Kg1 Kh6 36. Kh2 g5 37. Rb6 Kg6 38. Kg1 b4 39. Kh2 Kf5 40. Kg1 Ke5 41. Kh2 f5 42. Kg1 g4 43. hxg4 fxg4 44. Rh6 Kf4 45. Rc6 Kg3 46. Kf1 Rb1+ 47. Ke2 Kxg2 48. Rc4 Kg3 49. Kd2 h3 50. Rc8 h2 51. Rh8 h1=Q 0-1


[Site "https://www.chess.com"]

[Event "Titled Tuesday Blitz January 10 Late 2023"]
[White "Svane, Frederik"]
[Black "Fiorito, Joaquin"]
[WhiteFideId "12923044"]
[BlackFideId "180173"]
[WhiteElo "2600"]
[BlackElo "2405"]
[Result "1-0"]
[Round "06"]
[TimeControl "180+2"]
[Date "2023.01.10"]
[WhiteClock "0:00:06"]
[BlackClock "0:00:47"]

1. e4 c6 2. d4 d5 3. exd5 cxd5 4. c3 Nf6 5. Nf3 Nc6 6. Ne5 Bd7 7. Bd3 g6 8. O-O Bg7 9. Nxd7 Qxd7 10. Nd2 O-O 11. Nf3 Qc7 12. g3 e6 13. Bf4 Qb6 14. Qe2 Rfe8 15. Rfe1 Nd7 16. Rad1 a6 17. Bb1 Qd8 18. h4 h5 19. Bg5 Qc7 20. Bf4 Qd8 21. Ng5 b5 22. Qd3 Qf6 23. Re3 Bh6 24. Nxe6 Rxe6 25. Bxh6 Rae8 26. Rde1 Nb6 27. Bg5 Rxe3 28. Rxe3 Rxe3 29. Qxe3 Qd6 30. Qe8+ Kg7 31. Bh6+ Kh7 32. Bf4 Qe6 33. Qxe6 fxe6 34. b3 b4 35. Bd2 bxc3 36. Bxc3 Nc8 37. Bd3 a5 38. Bb5 N8e7 39. Kg2 Kg7 40. Kf3 Kf6 41. Ke3 Kf5 42. Kf3 e5 43. dxe5 d4 44. Bd2 Nxe5+ 45. Ke2 Ke4 46. f3+ Kd5 47. Bxa5 Nf5 48. Be1 Kc5 49. Bd3 Ne7 50. a3 Kd5 51. Be4+ Kc5 52. Bb4+ Kb6 53. Bxe7 1-0


[Site "https://www.chess.com"]

[Event "Titled Tuesday Blitz January 10 Late 2023"]
[White "Aggelis, Nikolaos"]
[Black "Ibarra Jerez, Jose Carlos"]
[WhiteFideId "4213220"]
[BlackFideId "2226332"]
[WhiteElo "2270"]
[BlackElo "2563"]
[Result "0-1"]
[Round "06"]
[TimeControl "180+2"]
[Date "2023.01.10"]
[WhiteClock "0:00:23"]
[BlackClock "0:01:49"]

1. Nf3 Nf6 2. g3 g6 3. Bg2 d6 4. O-O Bg7 5. d4 O-O 6. b3 b5 7. Na3 a6 8. c4 b4 9. Nc2 c5 10. Bb2 Bb7 11. dxc5 dxc5 12. Qxd8 Rxd8 13. Rfd1 Nbd7 14. a3 a5 15. Ne3 Ne4 16. Bxg7 Kxg7 17. a4 Nc3 18. Rd2 Nf6 19. Rb2 Rd6 20. Kf1 Rad8 21. h3 Nd1 22. Rc2 Nxe3+ 23. fxe3 Rd1+ 24. Rxd1 Rxd1+ 25. Ne1 Bxg2+ 26. Kxg2 Rxe1 27. Kf2 Rb1 0-1


[Site "https://www.chess.com"]

[Event "Titled Tuesday Blitz January 10 Late 2023"]
[White "Makarian, Rudik"]
[Black "Pham, Khoi"]
[WhiteFideId "44105681"]
[BlackFideId "1054988"]
[WhiteElo "2545"]
[BlackElo "2355"]
[Result "1-0"]
[Round "06"]
[TimeControl "180+2"]
[Date "2023.01.10"]
[WhiteClock "0:01:31"]
[BlackClock "0:00:13"]

1. d4 Nf6 2. c4 g6 3. Nc3 Bg7 4. e4 d6 5. Be2 O-O 6. Be3 Na6 7. Nf3 e5 8. O-O Qe7 9. Nd5 Nxd5 10. cxd5 Bg4 11. dxe5 dxe5 12. Nd2 Bxe2 13. Qxe2 f5 14. f3 Nb4 15. Qc4 Na6 16. Rac1 Kh8 17. a3 Rac8 18. b4 c6 19. b5 Qxa3 20. Rc3 cxb5 21. Qxc8 Rxc8 22. Rxc8+ Bf8 23. Bh6 Qc5+ 24. Rxc5 Bxc5+ 25. Kh1 b4 26. Nb3 Bd6 27. Rc1 Nc7 28. Na5 b6 29. Nb7 Bc5 30. Nxc5 bxc5 31. Rxc5 1-0


[Site "https://www.chess.com"]

[Event "Titled Tuesday Blitz January 10 Late 2023"]
[White "Kaplan, Avi Harrison"]
[Black "Indjic, Aleksandar"]
[WhiteFideId "30934559"]
[BlackFideId "911925"]
[WhiteElo "2146"]
[BlackElo "2618"]
[Result "0-1"]
[Round "06"]
[TimeControl "180+2"]
[Date "2023.01.10"]
[WhiteClock "0:00:03"]
[BlackClock "0:00:06"]

1. b4 c6 2. e3 Qb6 3. a3 a5 4. bxa5 Qxa5 5. Nf3 Nf6 6. Be2 e5 7. O-O d6 8. d3 Be7 9. Nbd2 O-O 10. Bb2 h6 11. c4 Bf5 12. Nb3 Qc7 13. c5 Nbd7 14. cxd6 Bxd6 15. e4 Be6 16. Qc2 Rfe8 17. Rfd1 Qb6 18. Nbd2 Qa6 19. Nf1 Qa4 20. Qc1 Nc5 21. Rb1 Nb3 22. Qc2 Nd7 23. Ne3 Nd4 24. Nxd4 exd4 25. Qxa4 Rxa4 26. Nc2 c5 27. g3 f5 28. Bf3 f4 29. Kg2 b6 30. Re1 Be5 31. Bd1 Ra6 32. Na1 Rf8 33. Bb3 Bxb3 34. Nxb3 f3+ 35. Kg1 g5 36. Nd2 g4 37. Nc4 b5 38. Nd2 h5 39. Rec1 Rb8 40. Nb3 Bd6 41. Rc2 Kf7 42. Rd1 Ke7 43. Kf1 Ke6 44. Ke1 Ra4 45. Kd2 Rba8 46. Rdc1 Rxa3 47. Bxa3 Rxa3 48. Rb2 h4 49. Ra1 Rxa1 50. Nxa1 hxg3 51. hxg3 b4 52. Nb3 Ne5 53. Na5 Bc7 54. Nc4 Nxc4+ 55. dxc4 Be5 56. Kd3 Bd6 57. Rb1 Kd7 58. Rh1 b3 59. Rb1 Bc7 60. Rxb3 Ba5 61. Rb1 Ke6 62. Rb5 Be1 63. Rb2 Ke5 64. Ra2 Kd6 0-1


[Site "https://www.chess.com"]

[Event "Titled Tuesday Blitz January 10 Late 2023"]
[White "Taghizadeh, Rayan"]
[Black "Duda, Jan-Krzysztof"]
[WhiteFideId "2054019"]
[BlackFideId "1170546"]
[WhiteElo "2273"]
[BlackElo "2724"]
[Result "0-1"]
[Round "06"]
[TimeControl "180+2"]
[Date "2023.01.10"]
[WhiteClock "0:00:07"]
[BlackClock "0:01:20"]

1. b3 e5 2. Bb2 f6 3. e3 d5 4. d4 e4 5. c4 c6 6. f3 f5 7. f4 Nf6 8. Qd2 Be6 9. Ba3 Nbd7 10. Bxf8 Nxf8 11. Nc3 h6 12. cxd5 cxd5 13. Nge2 g5 14. g3 Ng6 15. Bh3 O-O 16. O-O Qd7 17. Rac1 Kf7 18. Na4 b6 19. Rc3 Rae8 20. Rfc1 Re7 21. Qc2 Ne8 22. Rc6 Rg8 23. Kf2 Kf8 24. b4 Rf7 25. Qb3 Ne7 26. R6c2 h5 27. fxg5 f4 28. Bxe6 fxg3+ 29. Ke1 Qxe6 30. hxg3 Rxg5 31. Kd2 Rf2 32. Nc3 Nd6 33. Nd1 Nc4+ 34. Rxc4 dxc4 35. Rxc4 Rh2 36. Qc2 Rxg3 0-1


[Site "https://www.chess.com"]

[Event "Titled Tuesday Blitz January 10 Late 2023"]
[White "Goryachkina, Aleksandra"]
[Black "Bluebaum, Matthias"]
[WhiteFideId "4147103"]
[BlackFideId "24651516"]
[WhiteElo "2571"]
[BlackElo "2669"]
[Result "1/2-1/2"]
[Round "06"]
[TimeControl "180+2"]
[Date "2023.01.10"]
[WhiteClock "0:00:08"]
[BlackClock "0:00:05"]

1. d4 d5 2. c4 e6 3. Nf3 Nf6 4. Nc3 Bb4 5. Bg5 h6 6. Bxf6 Qxf6 7. e3 c5 8. cxd5 exd5 9. a3 Bxc3+ 10. bxc3 O-O 11. Bd3 Bg4 12. h3 Bh5 13. O-O Nc6 14. Be2 Rfd8 15. Rb1 b6 16. dxc5 bxc5 17. Qd2 Bg6 18. Rb5 Qe7 19. Rd1 a6 20. Rb6 Qc7 21. Rxa6 Rxa6 22. Bxa6 Qa5 23. Bb7 Ne7 24. c4 Qxa3 25. Bxd5 Nxd5 26. cxd5 c4 27. Qc1 Qb3 28. Ne5 c3 29. Nxg6 fxg6 30. Rd3 Rc8 31. d6 Qb2 32. Rd1 c2 33. Rf1 Qc3 34. e4 Qd4 35. e5 Rc3 36. Re1 Kh7 37. e6 Rd3 38. e7 Rd2 39. Qxd2 Qxd2 40. e8=Q c1=Q 41. Rxc1 Qxc1+ 42. Kh2 Qf4+ 43. Kg1 Qxd6 44. Qe3 Qd1+ 45. Kh2 Qd6+ 46. Kg1 Qd7 47. h4 Qg4 48. g3 Qf5 49. Kg2 Qd5+ 50. Kg1 g5 51. hxg5 hxg5 52. Qe2 Kg6 53. Qc2+ Kh6 54. Qe2 Qc6 55. Qe3 Kh5 56. Qe2+ Kg6 57. Qd3+ Kf6 58. Qd4+ Kf5 59. Qd3+ Kf6 60. Qe3 g6 61. Qd4+ Kf5 62. Qd3+ Kf6 63. Qe3 Qd5 64. f3 Qd1+ 65. Kg2 Qc2+ 66. Kg1 Qb2 67. g4 Qc2 68. Kf1 Qb2 69. Qe4 Qc1+ 70. Ke2 Qb2+ 71. Ke3 Qc1+ 72. Kd3 Qb1+ 73. Kd4 Qb4+ 74. Kd5 Qb7+ 75. Kd6 Qb8+ 76. Kd7 Qa7+ 77. Kd6 Qb8+ 78. Kd5 Qd8+ 79. Kc5 Qa5+ 80. Kd6 Qd8+ 81. Kc5 Qa5+ 82. Kd6 Qb6+ 83. Kd5 Qb7+ 84. Kd6 Qb8+ 1/2-1/2


[Site "https://www.chess.com"]

[Event "Titled Tuesday Blitz January 10 Late 2023"]
[White "Oparin, Grigoriy"]
[Black "Domingo Nunez, Ruben"]
[WhiteFideId "24125890"]
[BlackFideId "22245570"]
[WhiteElo "2667"]
[BlackElo "2416"]
[Result "1-0"]
[Round "06"]
[TimeControl "180+2"]
[Date "2023.01.10"]
[WhiteClock "0:00:03"]
[BlackClock "0:00:02"]

1. b3 d6 2. Bb2 Nd7 3. c4 Ngf6 4. Nc3 g6 5. g3 Bg7 6. Bg2 O-O 7. Nf3 c5 8. d4 Rb8 9. O-O a6 10. e4 b5 11. cxb5 axb5 12. e5 Ne8 13. exd6 Nxd6 14. Re1 c4 15. Nd5 Re8 16. Ne5 Bb7 17. Ba3 b4 18. Bxb4 Bxd5 19. Bxd5 Nxe5 20. Bxd6 Qxd6 21. dxe5 Bxe5 22. Rc1 c3 23. Qf3 e6 24. Bc4 Bg7 25. a4 Qa3 26. h4 Bh6 27. Rc2 Bd2 28. Rd1 Red8 29. Kg2 Rd6 30. h5 Rbd8 31. h6 Rd4 32. a5 Bxh6 33. Rxd4 Rxd4 34. Qxc3 Qd6 35. a6 Qb6 36. Ra2 Rd7 37. Qf3 Bf8 38. Bf1 Bc5 39. Qc3 Rc7 40. Rc2 Bd6 41. Qd3 Rd7 42. Qf3 Kg7 43. Rc6 Qa5 44. Qd3 Qb4 45. a7 Qb7 46. Qc3+ Be5 47. Qxe5+ f6 48. Qe4 f5 49. Qe5+ 1-0


[Site "https://www.chess.com"]

[Event "Titled Tuesday Blitz January 10 Late 2023"]
[White "Papasimakopoulos, Alexandros"]
[Black "Aravindh, Chithambaram VR."]
[WhiteFideId "4244125"]
[BlackFideId "5072786"]
[WhiteElo "2401"]
[BlackElo "2633"]
[Result "0-1"]
[Round "06"]
[TimeControl "180+2"]
[Date "2023.01.10"]
[WhiteClock "0:00:05"]
[BlackClock "0:00:31"]

1. d4 Nf6 2. c4 g6 3. Nc3 Bg7 4. Bg5 O-O 5. e3 c5 6. d5 b5 7. cxb5 a6 8. Nf3 Qa5 9. Nd2 axb5 10. Bxb5 Nxd5 11. Nxd5 Qxb5 12. Nc7 Qd3 13. Nxa8 Bxb2 14. Rb1 Bc3 15. Rb3 Ba6 16. Nb6 Nc6 17. Na4 Bxd2+ 18. Qxd2 Qe4 19. Nxc5 Qxg2 20. Nxa6 Qxh1+ 21. Ke2 Qxh2 22. Bf4 Qh5+ 23. f3 e5 24. Bg3 e4 25. Qxd7 Qxf3+ 26. Kd2 Na5 27. Rb8 Nc4+ 28. Kc3 Nxe3 29. Rxf8+ Kxf8 30. Qd8+ Kg7 31. Qc7 Nd5+ 32. Kc4 Nxc7 33. Bxc7 Qd3+ 34. Kc5 Qxa6 35. Bh2 f5 36. Kd5 Kf7 37. Ke5 Qa5+ 38. Kf4 Qc7+ 39. Kg5 Qxh2 40. a3 h6# 0-1


[Site "https://www.chess.com"]

[Event "Titled Tuesday Blitz January 10 Late 2023"]
[White "Skvortsov, Andrei"]
[Black "Remizov, Yaroslav"]
[WhiteFideId "24108600"]
[BlackFideId "34134015"]
[WhiteElo "2313"]
[BlackElo "2421"]
[Result "1-0"]
[Round "06"]
[TimeControl "180+2"]
[Date "2023.01.10"]
[WhiteClock "0:00:11"]
[BlackClock "0:00:01"]

1. e4 c6 2. d4 d5 3. Nc3 dxe4 4. Nge2 Nf6 5. Ng3 c5 6. dxc5 Qxd1+ 7. Kxd1 Nc6 8. Ngxe4 Nxe4 9. Nxe4 Bf5 10. f3 O-O-O+ 11. Bd2 e6 12. Bd3 Ne5 13. Ke2 Be7 14. Bf4 Rd5 15. Rhd1 Rhd8 16. b4 Nc6 17. c3 Bg6 18. Bc4 Bxe4 19. fxe4 Rh5 20. Rxd8+ Bxd8 21. h3 Bc7 22. Be3 Ne5 23. Bb3 Rh4 24. Bc2 Nc4 25. Bf2 Rh5 26. Rf1 Rg5 27. g4 h5 28. Bb3 Ne5 29. Be3 Rg6 30. gxh5 Rg3 31. h6 gxh6 32. Bf4 Rg2+ 33. Kd1 Rg7 34. Bxh6 Rh7 35. Bf4 Kd7 36. Rh1 Nd3 37. Be3 Ne5 38. Ke2 Ke7 39. Bf2 Ng6 40. Kf3 Ne5+ 41. Ke2 Ng6 42. h4 Nf4+ 43. Kf3 Nd3 44. Be3 Ne5+ 45. Ke2 a5 46. a3 axb4 47. cxb4 Ng4 48. Bd4 e5 49. Bg1 Nf6 50. Bd5 Rh8 51. Bxb7 Nh5 52. Bf2 Nf4+ 53. Kf3 f5 54. exf5 Kf6 55. Ke4 Rd8 56. h5 Rd2 57. Bh4+ Kf7 58. Kf3 Rd3+ 59. Kg4 Ne2 60. Bf2 Nd4 61. h6 Nb3 62. Rh3 1-0


[Site "https://www.chess.com"]

[Event "Titled Tuesday Blitz January 10 Late 2023"]
[White "Zhigalko, Sergei"]
[Black "Vlassov, Nikolai"]
[WhiteFideId "13502956"]
[BlackFideId "4103360"]
[WhiteElo "2572"]
[BlackElo "2283"]
[Result "1-0"]
[Round "06"]
[TimeControl "180+2"]
[Date "2023.01.10"]
[WhiteClock "0:00:04"]
[BlackClock "0:00:10"]

1. e4 c5 2. Nf3 d6 3. Bb5+ Nc6 4. O-O Nf6 5. Re1 Bg4 6. h3 Bxf3 7. Qxf3 Qb6 8. Ba4 e6 9. c3 Be7 10. d3 O-O 11. Nd2 Qa6 12. Bc2 b5 13. Qe2 b4 14. Nf3 Rab8 15. Bd2 bxc3 16. Bxc3 Nd7 17. d4 Qxe2 18. Rxe2 cxd4 19. Nxd4 Nxd4 20. Bxd4 Bf6 21. Bxf6 Nxf6 22. b3 Rfc8 23. Rd1 Rb6 24. Bd3 Kf8 25. Bc4 Ke7 26. e5 dxe5 27. Rxe5 Rd8 28. Rxd8 Kxd8 29. Ra5 Rb7 30. g4 Kc7 31. Kg2 Kb8 32. g5 Ne4 33. h4 Rd7 34. Kf3 Nd2+ 35. Ke3 Nxc4+ 36. bxc4 Kb7 37. Rb5+ Kc6 38. Rb8 f6 39. f4 Kc5 40. Rc8+ Kb4 41. Rc6 e5 42. f5 Rd4 43. gxf6 gxf6 44. Rxf6 Rxh4 45. Re6 Rxc4 46. Rxe5 Rc5 47. Ke4 Rc4+ 48. Kd5 Rc2 49. Re4+ Ka3 50. f6 Rxa2 51. Rf4 Rd2+ 52. Ke6 Rd8 53. Ke7 Rh8 54. f7 a5 55. Rg4 Ra8 56. Ke6 a4 57. Rg8 Ra6+ 58. Ke5 Ra5+ 59. Ke4 Kb2 60. f8=Q a3 61. Qb4+ 1-0


[Site "https://www.chess.com"]